 Dungeon Crawl Stone Soup version 0.30-a0-1160-g6e42c06551 (webtiles) character file.

Game seed: 613225166732906284

163 BubbleThief the Sneak (level 5, -6/32 HPs)
             Began as a Kobold Brigand on Apr 25, 2023.
             Killed by divine providence
             ... invoked by an orc priest
              (13 damage)
             ... on level 4 of the Dungeon.
             The game lasted 00:03:26 (2672 turns).

BubbleThief the Sneak (Kobold Brigand)              Turns: 2672, Time: 00:03:26

Health: -6/32      AC:  5    Str:  8    XL:     5   Next: 72%
Magic:  5/5        EV: 15    Int: 13    God:
Gold:   185        SH:  0    Dex: 18    Spells: 4/4 levels left

rFire   . . .        v - +2 dagger (venom)
rCold   . . .        (no shield)
rNeg    . . .        b - +0 robe
rPois   .            (no helmet)
rElec   .            j - +1 cloak {Stlth+}
rCorr   .            (no gloves)
SInv    .            c - +0 pair of boots
Will    .....        (no amulet)
Stlth   ++++++       (no ring)
HPRegen 0.25/turn    (no ring)
MPRegen 0.09/turn

%: no passive effects
@: no status effects
A: small, no large weapons, nightstalker 3
a: no special abilities


You were on level 4 of the Dungeon.
You visited 1 branch of the dungeon, and saw 4 of its levels.

You collected 185 gold pieces.

Inventory:

Hand Weapons
 v - a +2 dagger of venom (weapon)
Missiles
 d - 12 poisoned darts (quivered)
 e - 3 curare-tipped darts
Armour
 b - a +0 robe (worn)
 c - a +0 pair of boots (worn)
 j - a +1 cloak of stealth (worn)
Scrolls
 f - 5 scrolls of identify {unknown}
 g - a scroll of amnesia {unknown}
 k - a scroll of vulnerability {unknown}
 m - 2 scrolls of enchant weapon {unknown}
 o - a scroll of magic mapping {unknown}
 p - 2 scrolls of brand weapon {unknown}
 r - 5 scrolls of teleportation {unknown}
 s - a scroll of torment {unknown}
 t - a scroll of fear {unknown}
Potions
 a - a potion of brilliance {unknown}
 h - 2 potions of heal wounds {unknown}
 i - 2 potions of curing {unknown}
 l - 2 potions of lignification {unknown}
 n - a potion of degeneration {unknown}
 q - a potion of ambrosia {unknown}
 u - a potion of cancellation {unknown}


   Skills:
 + Level 3.0 Fighting
 * Level 4.6 Short Blades
 - Level 2.1 Throwing
 + Level 2.6 Dodging
 * Level 6.9 Stealth


You had 4 spell levels left.
You didn't know any spells.
Your spell library contained the following spells:

 Spells                   Type           Power      Damage    Failure   Level
 Ensorcelled Hibernation  Hex/Ice        0%         N/A       43%         2
 Spider Form              Tmut/Pois      0%         N/A       67%         3
 Anguish                  Hex/Necr       0%         N/A       97%         4


Dungeon Overview and Level Annotations

Branches:
Dungeon (4/15)
 Temple: D:4-7

Altars:
Nemelex Xobeh
Vehumet
The Shining One


Innate Abilities, Weirdness & Mutations

You are small and have problems with some larger weapons.
You are completely attuned to the shadows.


Message History

You climb downwards.
Found a ring mail.
There is a stone staircase leading up here.
Saving game... please wait.
Welcome back, BubbleThief the Kobold Brigand.
Press ? for a list of commands and other information.
a - a yellow potion You see here 5 stones.
r - 5 scrolls labelled RUGIWI IHEBB (gained 1)
You now have 185 gold pieces (gained 12).
Found a stone staircase leading down.
Found a stone staircase leading up.
An orc priest comes into view. It is wielding a +0 club.
An orc comes into view. It is wielding a +0 club.
The orc priest closely misses you.
You closely miss the orc priest. You closely miss the orc priest.
The orc priest hits you with a +0 club.
The orc shouts!
You hit the orc priest.
The orc priest is poisoned.
The orc priest is lightly wounded.
You hear a shout! x3
The orc priest barely misses you.
You barely miss the orc priest.
The orc priest is moderately wounded.
An orc priest comes into view. It is wielding a +0 whip.
The orc priest mumbles some strange prayers to Beogh against you.
Beogh smites you! The orc closely misses you.
You hit the orc priest.
The orc priest looks as sick as possible!
The orc priest is moderately wounded.
You hit the orc priest but do no damage.
The orc priest looks as sick as possible!
The orc priest is severely wounded.
The orc priest mumbles some strange prayers to Beogh against you.
Beogh smites you!
* * * LOW HITPOINT WARNING * * *
An orc comes into view. It is wielding a +0 club.
The orc priest invokes the aid of Beogh against you.
Beogh smites you!
You die...

.# #####.#
##############<....o
+....>.#........o..o
#####..#.####..@...#
........##....o...#
######....#.......#.#
..........#.......# #
....##....#.......#
..........#
....#...####
....#.......
....##..###.


You could see 2 orc priests and 2 orcs.

Vanquished Creatures
  2 orc wizards (D:3)
  2 adders
  4 gnolls
  A worm (D:2)
  3 orcs (D:3)
  4 bats
  6 endoplasms
  4 giant cockroaches
  5 goblins
  4 kobolds
  A quokka (D:3)
  7 ball pythons
  3 frilled lizards
  7 rats
53 creatures vanquished.

Notes
Turn   | Place    | Note
-------+----------+-------------------------------------------
     0 | D:1      | BubbleThief the Kobold Brigand began the quest for the Orb.
     0 | D:1      | Reached XP level 1. HP: 12/12 MP: 1/1
   187 | D:1      | Reached XP level 2. HP: 17/17 MP: 2/2
   837 | D:1      | Reached XP level 3. HP: 22/22 MP: 3/3
  1146 | D:2      | Found a radiant altar of Vehumet.
  1282 | D:2      | Found a faded altar of an unknown god.
  1646 | D:2      | Reached skill level 6 in Stealth
  1900 | D:3      | Reached XP level 4. HP: 27/27 MP: 4/4
  2029 | D:3      | Reached XP level 5. HP: 11/32 MP: 5/5
  2177 | D:3      | Found a sparkling altar of Nemelex Xobeh.
  2177 | D:3      | Found a glowing golden altar of the Shining One.
  2672 | D:4      | Killed from afar by an orc priest

Illustrated notes

Levels and vault maps discovered:
D:1:      tarquinn_simple_flora_water_e, layout_basic
D:2:      layout_basic, basic_altar, dreamdust_ecumenical_altar_grove,
          grunt_decor_arrowhead, minmay_misc_feat_doors
D:3:      layout_rooms, nicolae_overflow_two_pavilions
D:4:      layout_basic, serial_shops, shop, minivault_27, grunt_decor_cap

Skill      XL: |  1  2  3  4  5 |
---------------+----------------+-----
Short Blades   | 3 4 |  4.6
Dodging        | 2 |  2.6
Stealth        | 6 |  6.9
Fighting       | 3 |  3.0
Throwing       | |  2.1

Action                     |  1- 3 |  4- 6 || total
---------------------------+-------+-------++-------
  Melee: Dagger            |    50 |    81 ||   131
  Throw: Dart              |       |     2 ||     2
   Stab: Sleeping          |    21 |     7 ||    28
         Distracted        |       |     2 ||     2
 Armour: Robe              |     4 |    13 ||    17
  Dodge: Dodged            |    13 |    47 ||    60

Table legend: (Time is in decaauts)
 A = Elapsed time spent in this place.
 B = Non-inter-level travel time spent in this place.
 C = Inter-level travel time spent in this place.
 D = Time resting spent in this place.
 E = Time spent auto-exploring this place.
 F = Levels seen in this place.
 G = Mean time per level.
                   A        B        C        D        E       F      G
               +--------+--------+--------+--------+--------+-----+--------+
         Total |   2646 |   2553 |     93 |     55 |   2118 |   4 |  661.5 |
       Dungeon |   2646 |   2553 |     93 |     55 |   2118 |   4 |  661.5 |
               +--------+--------+--------+--------+--------+-----+--------+

Top non-repeatable levels by time:
     D:1: 1100 daAuts
     D:2: 840 daAuts
     D:3: 652 daAuts
     D:4: 53 daAuts
